[Event "GER-chT States Women 2022"]
[Site "Braunfels"]
[Date "2022.06.18"]
[Round "4.9"]
[White "Steinbacher, Claudia"]
[Black "Doluhanova, Evgeniya"]
[Result "0-1"]
[ECO "E21"]
[WhiteElo "2020"]
[BlackElo "2270"]
[Annotator "TA"]
[PlyCount "232"]
[EventDate "2022.06.15"]
[EventType "swiss"]
[EventCountry "GER"]
[SourceTitle "playchess.com"]
[Source "ChessBase"]
[SourceQuality "1"]
[TimeControl "40/5400+30:1800+30"]

1. d4 Nf6 2. c4 e6 3. Nf3 b6 4. Nc3 Bb7 5. Bg5 Bb4 6. Rc1 h6 7. Bxf6 Qxf6 8. a3 Bxf3 9. gxf3 Bxc3+ 10. Rxc3 Nc6 11. e3 e5 12. dxe5 Nxe5 13. f4 Ng6 14. Bg2 Rd8 15. Qg4 O-O 16. O-O Rfe8 17. Rd1 Nh4 18. Bh1 c6 (18... d6 $11) 19. h3 ({Don't blunder} 19. Rxd7 $2 Rxd7 20. Rc1 (20. Qxd7 $2 {is the wrong capture.} Rd8 $19) 20... Qxb2 $19) (19. Rcd3 $16) 19... Re6 $14 20. Kh2 ({White should play} 20. Rcd3 $14) 20... Ng6 21. Rc2 Rd6 22. Rcd2 Rxd2 23. Rxd2 c5 24. b3 d6 25. Qd1 (25. Kg3 {keeps more tension.} Ne7 26. Be4 g6 27. h4) 25... Ne7 26. Qc2 g5 27. fxg5 $1 hxg5 28. Qe4 Ng6 29. Qf3 Kg7 30. Qxf6+ Kxf6 31. Kg3 Ke7 32. f4 gxf4+ 33. exf4 Rg8 34. Bd5 Kf6 35. Be4 Nf8+ 36. Kf3 Ke7 37. h4 Ne6 38. Rh2 (38. f5 $11 Nd4+ 39. Kf4) 38... Nd4+ $15 39. Kf2 Rh8 40. b4 Rh6 41. h5 Kf8 42. Kg3 Re6 43. Bd5 Rf6 44. Kg4 Kg7 45. Rf2 Rh6 46. b5 Rh8 47. a4 Rg8 48. Kg5 f6+ 49. Kg4 Re8 50. Ra2 Re2 51. Ra3 Kh6 52. Bf7 Nc2 53. Rd3 Re7 54. Bg6 Ne3+ 55. Kh4 Nxc4 56. Rd5 $1 Re3 57. Bd3 (57. Bb1 $15) 57... Nb2 58. Bf5 Nc4 (58... Nxa4 $2 59. Rxd6 Re1 60. Rxf6+ Kg7 61. Rc6 $18) 59. Bd3 Rf3 $1 60. Kg4 $2 (60. a5 $17) 60... Ne3+ $19 61. Kxf3 Nxd5 62. Bg6 Ne7 63. Bf7 d5 64. Ke3 Kg7 (64... Nf5+ $142 65. Ke2 d4) 65. Be8 (65. Be6 $142 Kh6 66. Bf7) 65... Nf5+ $19 66. Kd3 Kh6 67. Bc6 Ne7 68. Be8 Nf5 $2 ({Black should try} 68... Nc8 $19 {Strongly threatening ...Nd6.} 69. Bc6 d4) 69. Bf7 $2 (69. Bc6 $11) 69... Nd6 70. Bxd5 Kxh5 71. Be6 Kh4 72. Ke2 Kg3 73. Ke3 f5 (73... c4 $142 74. f5 Kg4) 74. Bd5 c4 75. Be6 Kg4 76. Bd5 c3 77. Bb3 Ne4 78. Bd1+ Kg3 (78... Kh3 $142 79. Kf3 Nd2+ 80. Ke2 Kg4 81. Ke3+ Kg3) 79. Bc2 $19 Nd6 80. Bd3 Kg2 81. Ke2 Kg1 82. Ke1 Ne4 83. Ke2 Kg2 84. Ke3 Ng3 $1 85. Bc2 $2 (85. Bb1) 85... Kh3 $19 86. Kf3 Kh4 87. Bd3 Ne4 88. Bc2 $2 {[%emt 0:00:23][%mdl 8192] [#]} (88. Ke3 $11 Kg4 89. Bc2) 88... Kh5 $2 (88... Nd2+ $1 $19 89. Ke2 Kg4) 89. Ke3 $11 Kg6 90. Kd4 Kf6 91. Bb3 Nf2 92. Ke3 Ne4 93. Kd4 Ng3 94. Ke3 Ke7 95. Bc2 Ke6 96. Bb3+ ({Better is} 96. Kd4 $11) 96... Kd6 $15 97. Kd3 $2 (97. Kd4 $11) 97... Nh5 $19 98. Ke3 Kc5 99. Bc2 Ng7 100. Kd3 Kb4 101. Kd4 Nh5 102. Ke5 Ng3 103. Kd4 Nh5 (103... Ne2+ $142 104. Ke5 Ng3 105. Kd6 Nh5 106. Ke5 Ka3 107. Kd4 Kb2 108. Bxf5 Nxf4 109. Kc4 c2 110. Bxc2 Kxc2 111. Kb4 Nd5+ 112. Kc4 Ne3+ 113. Kb4 Kb2 114. a5 Kc2 115. Ka4 Nc4 116. axb6 axb6 117. Kb4 Nd6 118. Ka3 Nxb5+ 119. Ka4 Nd6 120. Ka3 Kc3 121. Ka4 Kc4 122. Ka3 Nf5 123. Kb2 Ne3 124. Kc1 Kc3 125. Kb1 b5 126. Kc1 b4 127. Kb1 b3 128. Kc1 b2+ 129. Kb1 Nd5 130. Ka2 Kc2 131. Ka3 b1=Q 132. Ka4 Qb4#) 104. Ke5 $1 $19 Ng3 (104... Ka3 $142 105. Bxf5 Kb3) 105. Kd4 $19 Ka3 $2 (105... Ne4 $19 106. Ke5 Ka3 107. Kxf5 Nf2) 106. Kxc3 $11 Ne2+ 107. Kc4 $1 Nxf4 108. Bxf5 Kxa4 109. Bc2+ $1 Ka5 110. Bf5 Ng2 111. Bd7 Ne3+ 112. Kd4 $2 (112. Kc3 $11) 112... Nc2+ 113. Kd5 Na3 114. Kc6 Nxb5 115. Kb7 {[%emt 0:00:02] [#]} a6 $1 116. Bc6 Nd4 0-1

[Event "GER-chT States Women 2022"]
[Site "Braunfels"]
[Date "2022.06.18"]
[Round "4.10"]
[White "Jussupow, Nadia"]
[Black "Peglau, Dora"]
[Result "1-0"]
[ECO "D04"]
[WhiteElo "2146"]
[BlackElo "2008"]
[Annotator "TA"]
[PlyCount "107"]
[EventDate "2022.06.15"]
[EventType "swiss"]
[EventCountry "GER"]
[SourceTitle "playchess.com"]
[Source "ChessBase"]
[SourceQuality "1"]
[TimeControl "40/5400+30:1800+30"]

1. d4 Nf6 2. Nf3 d5 3. e3 Bf5 4. c4 e6 5. Nc3 c6 6. Qb3 Qb6 7. Qxb6 axb6 8. Nh4 {[%emt 0:00:17] D12: Slav Defence: 3 Nf3 Nf6 4 e3 Bf5.} Bg6 (8... Bc2 $15) 9. Nxg6 hxg6 10. cxd5 {[%emt 0:00:04] [#] The position is equal.} cxd5 $146 (10... Nxd5 $11 11. Nxd5 exd5) ({Predecessor:} 10... Nxd5 11. Nxd5 exd5 12. a3 Bd6 13. h3 Nd7 14. Bd3 c5 15. Bb5 Rd8 16. Bd2 O-O 17. O-O Nb8 18. a4 Nc6 19. a5 Nxa5 20. dxc5 Nb3 21. cxd6 Nxa1 22. Rxa1 {1-0 (22) Munoz Prior,M (1427)-Segador Sanchez,D (1751) Barcelona 2019}) 11. Be2 Be7 12. O-O Nc6 13. Bd2 O-O 14. Rac1 Rfc8 15. Rfd1 Ne4 (15... Ne8 $14) 16. Nxe4 $16 dxe4 17. a3 Na5 18. Rc3 {[%emt 0:15:33] Against Nb3} Rxc3 19. Bxc3 Rd8 20. f3 exf3 21. Bxf3 Nc4 22. Kf2 Bg5 23. e4 Bf6 24. e5 Bg5 25. Ke2 ({Don't play} 25. Bxb7 Nxe5 26. h3 Nc4 $11) 25... Ne3 26. Rd3 {[%emt 0:00:16] [#] Black must now prevent Bd2.} Nd5 27. Bd2 Bxd2 ({Black should try} 27... Nf4+ $1 $14 28. Bxf4 Bxf4) 28. Kxd2 $14 {[%emt 0:05:28][%mdl 4096] Endgame KRB-KRN} f6 29. exf6 (29. Rb3 $142) 29... gxf6 $16 30. Rb3 Rd6 31. Kd3 Kf7 32. Kc4 Ke7 (32... Rc6+ $14 33. Kd3 f5) 33. Bxd5 exd5+ {[%emt 0:00:09] KR-KR} 34. Kb5 f5 35. Rh3 {[%emt 0:00:12] [#] Rh7+ is the strong threat.} Kd7 (35... Kf6 $16) 36. Rh7+ Kc8 37. Rf7 Re6 38. b4 Kb8 39. h4 Kc8 (39... Ka7 $142 40. g3 Re3) 40. h5 $18 gxh5 41. Rxf5 Rg6 $2 (41... Kb8 42. Rxh5 Ka7 43. Rxd5 Rg6) 42. Rxh5 Rxg2 43. Kxb6 Rg6+ 44. Kc5 Ra6 45. Rh3 Kd7 46. b5 Ra5 47. Rh7+ Kc8 48. Kb4 b6 49. a4 (49. Re7 $142 Kb8 50. a4) 49... Ra8 50. Rh8+ Kb7 51. Rxa8 {[%emt 0:00:00] White mates.} Kxa8 52. a5 bxa5+ 53. Kxa5 Kb7 54. b6 {[%emt 0:00:00] Weighted Error Value: White=0.25 (precise) /Black=0.47} 1-0

[Event "GER-chT States Women 2022"]
[Site "Braunfels"]
[Date "2022.06.18"]
[Round "4.11"]
[White "Peglau, Mirjam"]
[Black "Kostak, Tatiana"]
[Result "0-1"]
[ECO "A40"]
[WhiteElo "1834"]
[BlackElo "2102"]
[Annotator "TA"]
[PlyCount "66"]
[EventDate "2022.06.15"]
[EventType "swiss"]
[EventCountry "GER"]
[SourceTitle "playchess.com"]
[Source "ChessBase"]
[SourceQuality "1"]
[TimeControl "40/5400+30:1800+30"]

1. d4 Nc6 2. c4 e5 3. d5 Nce7 4. e4 Ng6 5. Nc3 Bc5 6. Nf3 a6 7. Bd3 Nf6 8. O-O O-O 9. a3 d6 10. b4 {[%emt 0:00:41] A50: Queen's Fianchetto Defence (1 d4 Nf6 2 c4 b6).} Ba7 11. Be3 {[%emt 0:03:59] [#]} h6 $146 ({Predecessor:} 11... Ng4 12. Bxa7 Rxa7 13. g3 Nh6 14. Qd2 Bg4 15. Qe3 Bxf3 16. Qxf3 Qd7 17. Qh5 Ne7 {½-½ (46) Jeremic,V (2487)-Deepan Chakkravarthy,J (2355) Goa 2002}) 12. Rc1 {[%emt 0:11:54] White has an edge.} Ng4 (12... Bxe3 $11 13. fxe3 Qe7) 13. Bxa7 $14 Rxa7 14. Ne2 Nf6 15. Qd2 Nh5 16. Qe3 Ra8 17. Ng3 Nhf4 18. Rfd1 Qf6 (18... Bg4 {is more complex.} 19. Nf5 Ne7 20. h3 Bxf5 21. exf5 Qd7) 19. Rd2 Bg4 20. Ne1 Qg5 21. Kh1 a5 22. f3 Bd7 23. Bb1 axb4 24. axb4 Ra4 25. Nc2 Rfa8 26. Rcd1 Nh4 27. c5 R8a6 {[%emt 0:02:33] Black is more active.} 28. cxd6 cxd6 ({Don't do} 28... Rxd6 29. Qc3 $16) 29. Qc3 Qd8 {[%emt 0:02:31] Inhibits Qc7.} ({Better is} 29... Bb5 $15) 30. Rg1 (30. Nf1 $11 {keeps the balance.}) 30... Bb5 $17 31. Rgd1 Ra8 32. Qe3 Bd7 33. Qf2 $2 {[%emt 0:02:28] [#]} (33. Nf1 $17) 33... Nhxg2 {[%emt 0:02:47] Weighted Error Value: White=0.32/Black=0.13 (very precise)} 0-1

[Event "GER-chT States Women 2022"]
[Site "Braunfels"]
[Date "2022.06.18"]
[Round "4.12"]
[White "Valkova, Angelika"]
[Black "Daemering, Katrin"]
[Result "1-0"]
[ECO "A42"]
[WhiteElo "2066"]
[BlackElo "1966"]
[Annotator "TA"]
[PlyCount "67"]
[EventDate "2022.06.15"]
[EventType "swiss"]
[EventCountry "GER"]
[SourceTitle "playchess.com"]
[Source "ChessBase"]
[SourceQuality "1"]
[TimeControl "40/5400+30:1800+30"]

1. d4 d6 2. e4 g6 3. c4 Bg7 4. Nc3 Nc6 5. Be3 e5 6. d5 Nce7 7. g4 h5 {[%emt 0:06:51] A42: Modern Defence: Averbakh Variation.} 8. g5 f5 9. gxf6 {[%emt 0:00:18] White is more active.} Nxf6 {[%emt 0:02:26] White is better.} 10. f3 Bd7 11. Qd2 {[%emt 0:02:45] [#]} Nh7 $146 (11... a6 $142) ({Predecessor:} 11... O-O 12. h4 a6 13. Bh6 Qe8 14. Bxg7 Kxg7 15. Bh3 b5 16. b3 Qb8 17. Nge2 Qb6 {½-½ (42) Ewers,C (1697)-Kudsin,A (1784) Germany 2016}) 12. O-O-O g5 13. h4 g4 14. fxg4 Bxg4 15. Be2 Nf6 (15... Qd7 $16) 16. Kb1 Qd7 {[%emt 0:04:38] [#]} 17. Nf3 $1 O-O-O 18. Ng5 Ng6 (18... a6 $142 19. c5 Kb8) 19. Bxg4 (19. Bxa7 $6 Nf4 $16) 19... hxg4 20. Ne6 (20. Bxa7 b6 $16) 20... Rdg8 (20... a6 $142 21. Nxd8 Qxd8) 21. Bg5 $2 (21. Bxa7 $18 {and White stays clearly on top.} g3 22. Nb5) 21... Nf8 $2 (21... Nf4 $16 {might work better.}) 22. Nxg7 (22. Qf2 $142 b6 23. Nxg7 Rxg7 24. Qxf6) 22... Qxg7 $18 23. Qf2 $1 N6h7 (23... N8h7 $142) 24. Qxa7 {[%emt 0:01:32] Intending Qa8+ and mate.} Nxg5 25. hxg5 $2 (25. Qa8+ Kd7 $16) (25. c5 $18 {is the precise move to win.} Nf3 26. cxd6 cxd6 27. Nb5) 25... Nd7 $2 (25... Rxh1 $16 {is more resistant.} 26. Qa8+ Kd7 27. Rxh1 g3) 26. Nb5 $2 (26. Rhe1 $18 {is more deadly.}) 26... Rxh1 $16 27. Rxh1 $40 {[%emt 0:00:58][%mdl 128] aiming for Qa8+. White has some attack.} Qg6 $2 (27... g3 $1 $14) 28. Re1 $18 {[%emt 0:06:50] And now Qa8+ would win.} ({Not} 28. Qa8+ Nb8 29. Rc1 (29. Re1 Qxg5 30. Na7+ Kd7 $11) 29... Qxe4+ 30. Ka1 Qf4 $11) 28... Nc5 29. Qa5 Na6 {[%emt 0:00:38] [#]} 30. c5 $1 {[%emt 0:15:39] Hoping for cxd6.} g3 $2 (30... Rh8 $16) 31. cxd6 cxd6 32. Qb6 {[%emt 0:04:33] White mates.} g2 33. Rc1+ Kd7 34. Qxb7+ {[%emt 0:00:08] Weighted Error Value: White=0.67/Black=0.99} 1-0

[Event "GER-chT States Women 2022"]
[Site "Braunfels"]
[Date "2022.06.18"]
[Round "4.13"]
[White "Just, Anita"]
[Black "Gheng, Simona"]
[Result "1/2-1/2"]
[ECO "B78"]
[WhiteElo "1895"]
[BlackElo "1944"]
[Annotator "TA"]
[PlyCount "81"]
[EventDate "2022.06.15"]
[EventType "swiss"]
[EventCountry "GER"]
[SourceTitle "playchess.com"]
[Source "ChessBase"]
[SourceQuality "1"]
[TimeControl "40/5400+30:1800+30"]

1. e4 c5 2. Nf3 d6 3. d4 cxd4 4. Nxd4 Nf6 5. Nc3 g6 6. Bc4 Bg7 7. Be3 Nc6 8. f3 Bd7 9. Qd2 O-O 10. O-O-O Rc8 11. Bb3 Ne5 12. Kb1 Nc4 13. Bxc4 Rxc4 14. g4 a6 15. Nde2 {[%emt 0:06:29] B78: Sicilian Dragon: Yugoslav Attack, 9 Bc4 Bd7 10 0-0-0 Rc8.} b5 $1 16. e5 (16. h4 $14) 16... b4 (16... dxe5 $2 17. g5 b4 18. gxf6 bxc3 19. Qxd7 $18) (16... Ne8 $1 $11 {remains equal.}) 17. exf6 $16 {[%emt 0:02:41] White is better.} (17. Qd3 $6 bxc3 18. Qxc4 Bb5 19. Qxc3 Bxe2 20. exf6 Bxf6 $11) 17... bxc3 18. fxe7 $2 ({Don't play} 18. Qd3 $6 Bxf6 19. Qxc4 Bb5 $11) (18. Nxc3 $16 {keeps the pressure on.} Bxf6 19. Nd5) 18... Qxe7 $19 19. Nxc3 {[%emt 0:20:29] [#]} Bxc3 $146 (19... Rb8 $1 $19 {And now ...Bxc3 would win.} 20. Qxd6 (20. Bg5 $2 Qe5 $19) 20... Qxd6 21. Rxd6 Rxc3) ({Predecessor:} 19... Rxc3 20. bxc3 Rb8+ 21. Ka1 Qf6 22. Bd4 Qxf3 23. Bxg7 Kxg7 24. Qd4+ Kg8 25. Rhf1 Qc6 {½-½ (54) Just,A (1999)-Shmois,S (1753) Erfurt 2014}) 20. bxc3 $17 Be6 (20... Ra4 $17 {Hoping for ...Rb8+.} 21. Bh6 (21. Qxd6 $2 Qxe3 22. Rd3 Qa7 $19) 21... Rb8+ 22. Kc1 Rxa2) 21. Kc1 $11 d5 {[%emt 0:08:31] ( -> ...Qa3+)} 22. Qf2 $2 (22. Qd3 $1 $11) 22... Qa3+ $19 23. Kd2 Qxc3+ 24. Ke2 {[%emt 0:00:07] [#]} Qxc2+ (24... Bxg4 $1 $19 {[%mdl 512] is more deadly.} 25. fxg4 Re4) 25. Rd2 $17 {[%emt 0:00:28] [#]} Qa4 {[%emt 0:00:48] White must now prevent ...f5.} 26. Rhd1 Rfc8 (26... Qb5 $17 {Strongly threatening ...d4.} 27. Kf1 Rxg4+ 28. Qe2 Rc4) 27. Kf1 Rc2 28. Rxc2 $1 {[%emt 0:01:46][%mdl 64] Remove Defender} Rxc2 29. Rd2 Rxd2 30. Qxd2 $11 {[%emt 0:00:19][%mdl 4096] Endgame KQB-KQB} d4 31. Bxd4 Bc4+ 32. Kg1 Qe8 33. Bc3 f6 (33... Qb8 $2 34. Qd4 Qb1+ 35. Kf2 Qf1+ 36. Kg3 $18) 34. Bxf6 Qe6 35. Bc3 Bxa2 (35... Qe2 $14 36. Qd8+ Kf7 37. Qd7+ Qe7) 36. Qd4 Kf7 37. Qg7+ Ke8 38. Qh8+ Qg8 $1 {[%emt 0:00:44] The position is equal.} 39. Qe5+ Qe6 40. Qh8+ Qg8 $1 41. Qe5+ {[%emt 0:30:12] Whites escaped into a draw.  Weighted Error Value: White=0.51/Black=0.28 (precise)} 1/2-1/2

[Event "GER-chT States Women 2022"]
[Site "Braunfels"]
[Date "2022.06.18"]
[Round "4.14"]
[White "Timofeeva, Galina"]
[Black "Lowke, Kathrin"]
[Result "1/2-1/2"]
[ECO "B30"]
[WhiteElo "1979"]
[BlackElo "1850"]
[Annotator "TA"]
[PlyCount "60"]
[EventDate "2022.06.15"]
[EventType "swiss"]
[EventCountry "GER"]
[SourceTitle "playchess.com"]
[Source "ChessBase"]
[SourceQuality "1"]
[TimeControl "40/5400+30:1800+30"]

1. e4 c5 2. Nf3 Nc6 3. d3 d6 4. g3 g6 5. Bg2 Bg7 6. O-O Nf6 7. Nbd2 {[%emt 0:02:00] 7.Re1 is becoming the main line.} O-O 8. a4 Qc7 9. Nc4 {[%emt 0:00:47] [#] A05: Réti Opening: 1 Nf3 Nf6.} Ng4 $146 ({Predecessor:} 9... b6 10. e5 dxe5 11. Nfxe5 Bb7 12. Bf4 Nxe5 13. Bxe5 Qd7 14. Re1 Rfe8 15. Qe2 Rad8 16. b3 Bxg2 17. Kxg2 {½-½ (40) Schroeder,J (2074)-Zuse,P (2215) Bad Homburg 2016}) 10. h3 Nge5 11. Nfxe5 Nxe5 12. Ne3 e6 13. f4 Nc6 14. f5 Bd4 15. fxg6 fxg6 16. Rxf8+ Kxf8 17. c3 Bg7 18. Qe2 Qe7 19. Bd2 Bd7 20. Ng4 Kg8 (20... Ne5 {is more complex.} 21. Nh6 Nf7 22. Qf1 e5) 21. h4 Rf8 $1 22. Bg5 Qe8 23. Bh6 e5 {[%emt 0:02:10] [#] Strongly threatening ...Bxg4.} 24. Bg5 {[%emt 0:05:12] The position is equal.} Nd8 25. a5 Ne6 26. Bd2 Qc8 {[%emt 0:05:50][%cal Oe6f4] aiming for ...Nf4!} 27. Ne3 Nc7 28. Nc4 Ne8 29. Bg5 {[%emt 0:03:40] Hoping for Be7.} Bf6 {[%emt 0:02:04] Against Be7} 30. Be3 Bg4 {[%emt 0:02:58] Weighted Error Value: White=0.09 (flawless) /Black=0.10 (very precise)} 1/2-1/2

[Event "GER-chT States Women 2022"]
[Site "Braunfels"]
[Date "2022.06.18"]
[Round "4.15"]
[White "Kosovska, Olena"]
[Black "Noppes, Marina"]
[Result "1/2-1/2"]
[ECO "B23"]
[WhiteElo "1827"]
[BlackElo "1922"]
[Annotator "TA"]
[PlyCount "102"]
[EventDate "2022.06.15"]
[EventType "swiss"]
[EventCountry "GER"]
[SourceTitle "playchess.com"]
[Source "ChessBase"]
[SourceQuality "1"]
[TimeControl "40/5400+30:1800+30"]

1. e4 c5 2. Nc3 Nc6 3. f4 g6 4. Bb5 Nd4 5. Nf3 Nxb5 6. Nxb5 {[%emt 0:00:09] B23: Closed Sicilian: Lines without g3.} d5 7. e5 (7. exd5 $11 a6 8. Nc3) 7... d4 {[%emt 0:16:09] [#]} 8. d3 $146 (8. O-O $11) ({Predecessor:} 8. c4 Bg7 9. O-O Nh6 10. d3 O-O 11. Qe2 Bg4 12. h3 Bd7 13. Na3 f6 14. Bd2 {½-½ (63) Montoro,G (2027)-Iturrizaga Bonelli,E (2656) Montevideo 2011}) 8... Qa5+ $19 9. Nc3 dxc3 10. bxc3 Bg4 11. Bd2 c4 12. O-O e6 13. h3 Bxf3 14. Qxf3 Qd5 15. Qe2 Rd8 16. d4 Ne7 17. Rab1 Nf5 {[%emt 0:01:24] aiming for ...Ng3.} 18. Kh2 {[%emt 0:00:17] Inhibits Ng3.} h5 19. a4 a6 20. Rb6 h4 21. Rfb1 Ng3 22. Qg4 Rd7 23. Be1 Nf5 24. Bf2 Be7 25. Rg1 (25. Qe2 $142) 25... Qa5 26. Rxe6 Nh6 $2 (26... fxe6 27. Qxg6+ Kd8 28. Qxe6 Rf8) 27. Rxe7+ Rxe7 (27... Kxe7 $2 {perishes.} 28. Bxh4+ Ke8 29. Qg5 $19) 28. Qc8+ Qd8 29. Qxd8+ Kxd8 30. Bxh4 {[%emt 0:00:11] [#]} f6 $1 31. g4 ({But not} 31. Bxf6 Ng4+ 32. Kg3 Nxf6 33. exf6 Re3+ 34. Kg4 Rxc3 $19) (31. g3 $142) 31... Ng8 32. Bf2 g5 (32... f5 $142 33. gxf5 gxf5) 33. exf6 $2 (33. f5) 33... Nxf6 34. fxg5 Re2 35. gxf6 Rxf2+ 36. Kg3 Rxf6 37. g5 Re6 38. h4 Re4 39. Rh1 Ke7 40. h5 Kf7 41. Kf3 Re6 42. Kg4 Re2 43. Rf1+ Kg8 {[%emt 0:00:00] [#] Strongly threatening ...Rg2+.} 44. h6 Rxc2 45. Rf3 Rd2 (45... Rh7 $142 46. Re3 Rd7 47. Re8+ Kh7) 46. Kh5 $2 (46. Rf5) 46... Rd3 {[%emt 0:00:00] Black is clearly winning.} 47. Rf5 Rxc3 {[%emt 0:00:00] Hoping for ...Rh3+.} 48. Kg6 Re3 {[%emt 0:00:00] White must now prevent ...Rh7.} 49. Rc5 {Threatening mate with Rc8+.} Re6+ 50. Kh5 Rc6 {( -> ...Rxc5)} 51. Rd5 Rc8 {[%mdl 32768] White got outplayed after the opening.  Weighted Error Value: White=0.72/Black=0.32. An unexpected result.} 1/2-1/2

[Event "GER-chT States Women 2022"]
[Site "Braunfels"]
[Date "2022.06.18"]
[Round "4.16"]
[White "Roesler, Hannah Clara"]
[Black "Gottschall, Ina"]
[Result "1-0"]
[ECO "B06"]
[WhiteElo "1718"]
[BlackElo "1612"]
[Annotator "NA RC"]
[PlyCount "82"]
[EventDate "2022.06.15"]
[EventType "swiss"]
[EventCountry "GER"]
[SourceTitle "playchess.com"]
[Source "ChessBase"]
[SourceQuality "1"]
[TimeControl "40/5400+30:1800+30"]

1. e4 g6 2. d4 Bg7 3. Nc3 d6 4. Be3 Nf6 5. Qd2 O-O 6. Bh6 c5 7. Nf3 cxd4 8. Nxd4 Bxh6 9. Qxh6 Qb6 10. O-O-O Ng4 11. Qd2 e5 12. h3 Nxf2 13. Qxf2 exd4 14. Nd5 Qa5 15. Qxd4 Nc6 16. Nf6+ Kh8 17. Qxd6 Be6 18. Qf4 Kg7 19. Ng4 f5 20. Qh6+ Kh8 21. exf5 Qxf5 22. Bd3 Qf4+ 23. Qxf4 Rxf4 24. Ne3 Nb4 25. a3 Nxd3+ 26. Rxd3 Raf8 27. Rhd1 Rf2 28. R3d2 Rxd2 29. Rxd2 Kg7 30. b4 Rc8 31. Kb2 a6 32. Rd6 Kf6 33. Rb6 Rb8 34. c4 h5 35. c5 Rd8 36. Kc3 Rd7 37. Nc4 Ke7 38. Ne5 Rd8 39. Nxg6+ Kd7 40. Rxb7+ Kc6 41. Rb6+ Kd5 1-0

[Event "GER-chT States Women 2022"]
[Site "Braunfels"]
[Date "2022.06.18"]
[Round "4.17"]
[White "Rieping, Lea"]
[Black "Tuzi, Bruna"]
[Result "1-0"]
[ECO "D00"]
[WhiteElo "1912"]
[BlackElo "1999"]
[Annotator "TA"]
[PlyCount "37"]
[EventDate "2022.06.15"]
[EventType "swiss"]
[EventCountry "GER"]
[SourceTitle "playchess.com"]
[Source "ChessBase"]
[SourceQuality "1"]
[TimeControl "40/5400+30:1800+30"]

1. d4 d5 2. Nc3 Nf6 3. Bf4 c6 4. e3 Bf5 5. f3 Nh5 $2 (5... h6 $11) 6. Bxb8 $18 {[%emt 0:00:19] D00: 1 d4 d5: Unusual lines.} Qxb8 (6... Rxb8 {was necessary.} 7. g4 e5) 7. g4 Ng3 8. hxg3 {[%emt 0:00:16] White is clearly better.} Qxg3+ 9. Kd2 Bg6 {[%emt 0:00:29] [#]} (9... Bd7 {might work better.} 10. Bh3 e5) 10. f4 $146 ({Predecessor:} 10. Qe1 Qc7 11. Rd1 e6 12. Kc1 b5 13. Bd3 f5 14. gxf5 exf5 15. e4 dxe4 16. fxe4 {1-0 (29) Yetkin,A (1775)-Oztekin,M (1866) Konya 2019}) 10... f5 11. gxf5 Bxf5 12. Qf3 Qg6 13. Bh3 Bxc2 $2 (13... e6 14. Qe2 Bd6) 14. f5 {[%emt 0:00:08] White is clearly winning.} Be4 15. Nxe4 dxe4 16. fxg6 {[%emt 0:00:18] [#] Threatening mate with Qf5.} exf3 17. Nxf3 Rd8 18. Ne5 hxg6 {[%emt 0:00:36] [#]} 19. Bd7+ $1 {[%emt 0:00:09][%mdl 512] White took control after the opening.  Weighted Error Value: White=0.31/Black=0.93} 1-0

[Event "GER-chT States Women 2022"]
[Site "Braunfels"]
[Date "2022.06.18"]
[Round "4.18"]
[White "Bluebaum, Johanna"]
[Black "Nizamova, Rita"]
[Result "1-0"]
[ECO "A59"]
[WhiteElo "2049"]
[BlackElo "1814"]
[Annotator "NA RC"]
[PlyCount "107"]
[EventDate "2022.06.15"]
[EventType "swiss"]
[EventCountry "GER"]
[SourceTitle "playchess.com"]
[Source "ChessBase"]
[SourceQuality "1"]
[TimeControl "40/5400+30:1800+30"]

1. d4 Nf6 2. c4 c5 3. d5 b5 4. cxb5 a6 5. bxa6 Bxa6 6. Nc3 g6 7. e4 Bxf1 8. Kxf1 d6 9. g3 Bg7 10. Kg2 O-O 11. Nf3 Qb6 12. a4 Nbd7 13. Qc2 Qb4 14. Re1 (14. Rd1 $16) 14... Rfb8 15. Rb1 Ng4 16. Bg5 Re8 17. h3 Nge5 18. Nxe5 Nxe5 19. b3 c4 20. Nb5 cxb3 21. Qxb3 Qxb3 22. Rxb3 Rxa4 23. Nc7 Rc8 {[%emt 0:01:32] [#]} 24. Bxe7 $1 Ra7 25. Bxd6 Raxc7 26. Bxc7 Rxc7 27. Rb8+ Bf8 28. Re2 f6 29. f4 Nd7 30. Ra8 Kf7 (30... Kg7 {was worth a try.} 31. e5 fxe5) 31. Rea2 $2 (31. e5 $18 {and the rest is easy.} Nc5 32. Rc2) 31... Bc5 {[%emt 0:06:35] [#]} (31... Bd6 $16 32. R2a7 Rxa7 33. Rxa7 Ke7) 32. R8a6 (32. Rc2 $1 $18 {is the precise move to win.}) 32... Bd4 33. R6a4 Bb6 34. Re2 Ke7 35. Ra6 Kd6 36. Rb2 Rb7 37. Rb5 Rb8 38. Kf3 Rb7 39. Ra8 Rc7 40. Re8 Rc3+ 41. Kg2 Rc2+ 42. Kf1 Rc3 $2 (42... Kc7 43. Re7 Bd4) 43. Re6+ $2 ({White has to play} 43. e5+ $18 fxe5 44. fxe5+ Kc7 45. e6 Rc1+ 46. Ke2) 43... Kc7 44. Re7 Bd4 {[%emt 0:06:35] [#]} 45. Rxh7 ({White should try} 45. Ra5 $1 $16 ) 45... Rxg3 46. Rb4 Be3 47. Rc4+ $18 Kd8 48. Rh8+ Ke7 49. Rc7 Bxf4 50. Rh7+ Kd8 51. Rcxd7+ Kc8 52. Rdg7 Rf3+ 53. Kg2 Rg3+ 54. Kf2 1-0

[Event "GER-chT States Women 2022"]
[Site "Braunfels"]
[Date "2022.06.18"]
[Round "4.19"]
[White "Moeller, Hannah"]
[Black "Barpiyeva, Gulsana"]
[Result "1/2-1/2"]
[ECO "A38"]
[WhiteElo "1833"]
[BlackElo "2016"]
[Annotator "NA RC"]
[PlyCount "86"]
[EventDate "2022.06.15"]
[EventType "swiss"]
[EventCountry "GER"]
[SourceTitle "playchess.com"]
[Source "ChessBase"]
[SourceQuality "1"]
[TimeControl "40/5400+30:1800+30"]

1. Nf3 c5 2. g3 Nc6 3. Bg2 g6 4. c4 Bg7 5. Nc3 Nf6 6. O-O O-O 7. d3 d6 8. Bd2 a6 9. Qc1 Re8 10. a3 Bg4 11. Rb1 Nd4 12. b4 Nxf3+ 13. exf3 Bf5 14. Ne4 cxb4 15. Rxb4 d5 16. Nxf6+ Bxf6 17. Bg5 Qa5 18. Bxf6 exf6 19. cxd5 Bxd3 20. Rd1 Be2 (20... Qxd5 $2 21. Bf1 $18) 21. Rd2 Rac8 22. Qa1 Qc5 23. Rb1 b5 24. f4 Qd6 25. Re1 Bc4 26. Rxe8+ Rxe8 27. Bf1 Rc8 (27... Bxd5 $2 28. Bg2 $18) 28. Bxc4 Rxc4 (28... bxc4 $15 29. Qc3 Rc5) 29. Qb2 Kg7 30. Rd3 h5 31. h4 Qc5 32. Kg2 Rc2 33. Qd4 Qd6 34. Qb4 Qd7 35. Qd4 Rc4 36. Qb6 Qf5 37. Qe3 Re4 $11 38. Qf3 Rc4 39. d6 Qd7 40. Qe3 Kf8 41. Qb6 Rc6 42. Qd4 Kg7 43. Rd1 Rc4 1/2-1/2